 Dungeon Crawl Stone Soup version 0.29-a0-845-g6161e89988 (webtiles) character file.

Game seed: 2485612699993850036

2557 buhh the Insei (level 9, -2/64 HPs)
             Began as an Octopode Transmuter on July 15, 2022.
             Slain by an orc warrior
             ... wielding a +0 war axe
              (16 damage)
             ... in a bailey.
             The game lasted 00:11:35 (8145 turns).

buhh the Insei (Octopode Transmuter)                Turns: 8145, Time: 00:11:35

Health: -2/64      AC:  1    Str:  9    XL:     9   Next: 56%
Magic:  3/12       EV: 15    Int: 20    God:
Gold:   110        SH:  5    Dex: 12    Spells: 2/12 levels left

rFire   . . .      SeeInvis +     - Unarmed
rCold   + + +      Faith    .   (no shield)
rNeg    . . .      Spirit   .   (helmet restricted)
rPois   .          Reflect  +   i - amulet of reflection
rElec   .          Harm     .   j - ring of see invisible
rCorr   .          Rampage  .   k - ring of protection from cold
Will    .....                   h - ring of protection from cold
Stlth   +++.......              o - ring of protection from cold
HPRegen 0.20/turn               (no ring)
MPRegen 0.13/turn               (no ring)
                                (no ring)
                                (no ring)

@: wereblooded, very slightly contaminated
A: almost no armour, amphibious, 8 rings, camouflage 1, gelatinous body 1,
(nimble swimmer 1), tentacles
a: no special abilities


You were in a bailey.
You visited 1 branch of the dungeon, and saw 7 of its levels.
You also visited: Bailey.

You collected 227 gold pieces.
You spent 117 gold pieces at shops.

Inventory:

Missiles
 l - 2 poisoned darts
Jewellery
 h - a ring of protection from cold (on tentacle)
 i - an amulet of reflection (around mantle)
 j - a ring of see invisible (left tentacle)
 k - a ring of protection from cold (right tentacle)
 o - a ring of protection from cold (on tentacle)
Wands
 E - a wand of flame (11)
Scrolls
 a - 3 scrolls of magic mapping {unknown}
 b - 6 scrolls of identify {unknown}
 c - 2 scrolls of teleportation {!d!d}
 e - 2 scrolls of amnesia {unknown}
 f - 2 scrolls of fog {unknown}
 g - 3 scrolls of enchant weapon {unknown}
 m - a scroll of fear {unknown}
 n - a scroll of poison {unknown}
Potions
 v - 2 potions of curing {!d}


   Skills:
 - Level 7.0 Fighting
 - Level 7.0 Dodging
 - Level 2.0 Stealth
 - Level 7.0 Unarmed Combat
 - Level 2.0 Spellcasting
 * Level 3.9 Transmutations
 * Level 3.1 Ice Magic
 - Level 1.0 Poison Magic


You had 2 spell levels left.
You knew the following spells:

 Your Spells              Type           Power      Damage    Failure   Level
a - Beastly Appendage     Tmut           34%        N/A       3%          1
b - Wereblood             Tmut           17%        N/A       4%          2
c - Spider Form           Tmut/Pois      11%        N/A       17%         3
d - Ice Form              Ice/Tmut       16%        N/A       36%         4

Your spell library contained the following spells:

 Spells                   Type           Power      Damage    Failure   Level
 Ensorcelled Hibernation  Hex/Ice        16%        N/A       12%         2
 Apportation              Tloc           4%         N/A       16%         1
 Necrotise                Necr           8%         1d4       16%         1
 Summon Small Mammal      Summ           8%         N/A       16%         1
 Anguish                  Hex/Necr       1%         N/A       83%         4


Dungeon Overview and Level Annotations

Branches:
Dungeon (7/15) Zot: 26922  Bailey (1/1) Zot: 5188
 Temple: D:4-7

Altars:
Elyvilon
Fedhas
Yredelemnul
The Shining One

Shops:
D:4 *   D:7 =

Annotations:
D:6 7 runed translucent doors, exclusion: 2 water moccasins, Brotato's ghost, novice TrHu; RBrandon's ghost, novice DjAE


Innate Abilities, Weirdness & Mutations

You cannot wear most types of armour.
You are amphibious.
You can wear up to eight rings at the same time.
Your skin changes colour to match your surroundings (Stealth+).
Your rubbery body absorbs attacks. (AC +1, EV +1)
((You are camouflaged when in or above water. (Stealth+)))
You have tentacles for arms and can constrict up to eight enemies at once.


Message History

You hit the goblin.
The goblin is poisoned.
The goblin is heavily wounded.
The goblin hits you with a +0 hand axe.
You bite the goblin!
You feel a bit better.
You kill the goblin!
Your primal bloodlust has ended.
Your blood is infused with primal strength.
You completely miss the orc.
You hit the orc warrior but do no damage.
The orc warrior is poisoned.
You barely miss the orc warrior.
The orc warrior hits you with a +0 war axe!
You hit the orc warrior but do no damage.
The orc warrior looks as sick as possible!
Your transformation has ended.
You miscast Spider Form.
You are very lightly contaminated with residual magic.
Nothing appears to happen.
The orc warrior hits you with a +0 war axe!
* * * LOW HITPOINT WARNING * * *
The orc completely misses you.
As you read the scroll of summoning, it crumbles to dust.
Wisps of shadow whirl around you... The orc warrior barely misses you.
The orc warrior hits your orc with a +0 war axe!
Your orc dies!
Your orc's corpse dissolves into shadows!
The orc hits you with a +0 hand axe.
* * * LOW HITPOINT WARNING * * *
The orc barely misses your orc.
Your orc warrior misses the orc warrior.
You swap places.
You block the orc warrior's attack.
The orc warrior hits your orc warrior with a +0 war axe.
The orc warrior closely misses your orc. x2
The orc hits your orc with a +0 hand axe. x2
The orc barely misses your orc.
Your orc hits the orc with a +0 club.
Your orc warrior closely misses the orc warrior.
Your orc hits the orc warrior but does no damage. x2
The orc warrior attacks as you move away!
The orc warrior hits you with a +0 war axe!
You die...

..##).)))...)##.....##
...).........).......#
...##.......##.......##
....#.......#.........#
....##.....##.........##
.....#######.....⌠.....#
....## ##.........##
....# #.........# ...##
##..@.o..## ...#
#..ooo..# ..## ##.oo).##
### ####o## #.....#
#.......# #.......#
#......... #.........#


You could see an orc warrior (very poisoned, ally target), an orc, a friendly
orc warrior (summoned), a friendly orc wizard (summoned) and 3 friendly orcs.

Vanquished Creatures
  2 water moccasins
  A black bear (D:6)
  A sky beast (D:6)
  5 orc warriors (Bailey)
  An ice beast (D:6)
  2 ogres
  A centaur (D:6)
  3 phantoms
  2 bullfrogs (D:7)
  2 necrophages
  2 scorpions (D:6)
  3 hounds (D:5)
  A jelly (D:6)
  2 orc priests
  6 orc wizards
  An iguana (D:5)
  7 gnolls (Bailey)
  9 adders
  2 worms
  3 dart slugs
  24 orcs
  5 bats
  4 endoplasms
  A giant cockroach (D:1)
  19 goblins
  10 hobgoblins
  2 jackals (D:4)
  7 kobolds
  5 quokkas
  11 ball pythons
  2 frilled lizards
  3 rats
149 creatures vanquished.

Vanquished Creatures (collateral kills)
  A water moccasin (D:5)
  A hound (D:6)
  An adder (D:5)
  An orc (D:6)
4 creatures vanquished.

Grand Total: 153 creatures vanquished

Notes
Turn   | Place    | Note
-------+----------+-------------------------------------------
     0 | D:1      | buhh the Octopode Transmuter began the quest for the Orb.
     0 | D:1      | Reached XP level 1. HP: 13/13 MP: 3/3
   260 | D:1      | Reached skill level 1 in Stealth
   260 | D:1      | Reached XP level 2. HP: 14/18 MP: 3/5
   380 | D:1      | Reached skill level 1 in Poison Magic
   866 | D:1      | Reached XP level 3. HP: 23/23 MP: 4/6
  1745 | D:2      | Reached XP level 4. HP: 25/29 MP: 5/7
  2408 | D:3      | Found a blossoming altar of Fedhas.
  2487 | D:3      | You fall into a shaft and drop 3 floors!
  2498 | D:6      | Found a large runed translucent door.
  2498 | D:6      | Found a large runed translucent door.
  2502 | D:6      | Found a large runed translucent door.
  2502 | D:6      | Found a large runed translucent door.
  2503 | D:6      | Noticed a gargoyle
  2548 | D:6      | Noticed a scorpion
  2568 | D:6      | Noticed a black bear
  2622 | D:5      | Entered Level 5 of the Dungeon
  2653 | D:6      | Found a runed translucent gate.
  2654 | D:6      | Found a runed translucent gate.
  2657 | D:6      | Noticed an ice beast
  2658 | D:6      | Noticed a scorpion
  2679 | D:6      | Killed a black bear
  2680 | D:6      | Reached XP level 5. HP: 36/36 MP: 8/8
  2685 | D:6      | Reached XP level 6. HP: 41/42 MP: 9/9
  2689 | D:6      | Killed an ice beast
  2697 | D:6      | Reached XP level 7. HP: 20/47 MP: 10/10
  2979 | D:6      | Learned a level 2 spell: Wereblood
  2983 | D:6      | Learned a level 3 spell: Spider Form
  3001 | D:6      | Reached skill level 5 in Unarmed Combat
  3080 | D:6      | Found a white marble altar of Elyvilon.
  3133 | D:6      | Found a basalt altar of Yredelemnul.
  3176 | D:6      | Found a runed translucent gate.
  3180 | D:6      | Noticed Brotato's ghost (novice TrHu)
  3180 | D:6      | Noticed RBrandon's ghost (novice DjAE)
  3312 | D:6      | Reached skill level 5 in Dodging
  3502 | D:6      | Reached skill level 5 in Fighting
  3502 | D:6      | Reached XP level 8. HP: 28/55 MP: 8/11
  6269 | D:4      | Found Efad's General Store.
  6276 | D:4      | Bought a scroll of teleportation for 33 gold pieces
  6276 | D:4      | Bought a wand of flame (11) for 84 gold pieces
  6470 | D:4      | Reached XP level 9. HP: 63/63 MP: 8/12
  7241 | D:7      | Found Fejeg's Jewellery Emporium.
  7262 | D:7      | Found a glowing golden altar of the Shining One.
  7312 | D:7      | Found a flagged portal.
  7321 | Bailey   | Entered a bailey
  7689 | Bailey   | Learned a level 4 spell: Ice Form
  7716 | Bailey   | Reached skill level 1 in Ice Magic
  8145 | Bailey   | Slain by an orc warrior

Illustrated notes

Levels and vault maps discovered:
D:1:      lemuel_arrival_room, layout_basic
D:2:      layout_basic, kennysheep_nub
D:3:      layout_loops_cross, fedhas_altar_1, grunt_decor_one_mirror,
          minmay_misc_feat_encased
D:4:      layout_layer_cave, serial_shops, shop
D:5:      layout_rooms, grunt_ministairs_2
D:6:      layout_loops_cross, kennysheep_ying_yang, gammafunk_ghost_cemetery,
          minmay_hollow_rounded_squares
D:7:      layout_cave_pools, kennysheep_mini, mainiacjoe_overflow_alcove_2,
          minmay_temple_entry_arrows, serial_shops, nicolae_shop_hallway_stairs,
          shop, nicolae_shop_crystal, enter_bailey_6, gammafunk_ghost_stat_death
Bailey:   bailey_axe_minmay_hex_keep, bailey

Skill      XL: |  1  2  3  4  5  6  7  8  9 |
---------------+----------------------------+-----
Stealth        | 1 2 |  2.0
Poison Magic   | 1 |  1.0
Fighting       | 2 3 5 6 7 |  7.0
Dodging        | 3 4 5 6 7 |  7.0
Unarmed Combat | 4 5 7 |  7.0
Ice Magic      | 3 |  3.1
Transmutations | 3 |  3.9
Spellcasting   | |  2.0

Action                   |  1- 3 |  4- 6 |  7- 9 || total
-------------------------+-------+-------+-------++-------
Melee: Unarmed           |    62 |    57 |   291 ||   410
       Kick              |    23 |     6 |    16 ||    45
       Constrict         |    20 |     6 |    19 ||    45
       Tentacles         |    13 |     6 |    17 ||    36
       Punch             |     3 |     1 |     4 ||     8
 Cast: Beastly Appendage |    27 |     9 |    18 ||    54
       Spider Form       |       |       |    31 ||    31
       Wereblood         |       |       |     5 ||     5
  Use: Scroll            |       |     2 |     2 ||     4
       Potion            |       |     1 |     5 ||     6
 Stab: Sleeping          |     6 |     4 |     3 ||    13
       Invisible         |       |       |     3 ||     3
Armor: Skin              |     5 |    75 |    11 ||    91
Dodge: Dodged            |    25 |    21 |   202 ||   248
Block: Other             |       |    26 |    60 ||    86
       Reflection        |       |       |     1 ||     1

Table legend: (Time is in decaauts)
 A = Elapsed time spent in this place.
 B = Non-inter-level travel time spent in this place.
 C = Inter-level travel time spent in this place.
 D = Time resting spent in this place.
 E = Time spent auto-exploring this place.
 F = Levels seen in this place.
 G = Mean time per level.
                   A        B        C        D        E       F      G
               +--------+--------+--------+--------+--------+-----+--------+
         Total |   8103 |   7778 |    325 |   1541 |   4799 |   8 | 1012.9 |
       Dungeon |   7291 |   6966 |    325 |    891 |   4799 |   7 | 1041.6 |
        Bailey |    812 |    812 |      0 |    650 |      0 |   1 |  812.0 |
               +--------+--------+--------+--------+--------+-----+--------+

Top non-repeatable levels by time:
     D:6: 1845 daAuts
     D:4: 1465 daAuts
     D:1: 1160 daAuts
     D:3: 999 daAuts
     D:5: 931 daAuts
     D:2: 812 daAuts
  Bailey: 812 daAuts
     D:7: 77 daAuts
